 Dungeon Crawl Stone Soup version 0.19.1-1-g22dce08 (webtiles) character file.

11924 TheTruth the Carver (level 12, -3/136 HPs)
             Began as a Human Wanderer on Jan 9, 2017.
             Was the Champion of Okawaru.
             Slain by an unseen horror (5 damage)
             ... on level 11 of the Dungeon.
             The game lasted 02:23:24 (11976 turns).

TheTruth the Carver (Human Wanderer)               Turns: 11976, Time: 02:23:24

Health: -3/136     AC: 26    Str: 17    XL:     12   Next: 13%
Magic:  0/13       EV:  2    Int: 15    God:    Okawaru [******]
Gold:   385        SH:  0    Dex: 16    Spells: 2 memorised, 9 levels left

rFire  + + +     SeeInvis .     i - +8 long sword of Accidental Termination {slice, rF+++ rC- Str+5}
rCold  . . .     Gourm    .     (armour currently unavailable)
rNeg   + + +     Faith    .     (no shield)
rPois  +         Spirit   +     (helmet currently unavailable)
rElec  +         Reflect  .     (cloak currently unavailable)
rCorr  +         Harm     .     (gloves currently unavailable)
MR     .....     NoTele   +     (boots currently unavailable)
Stlth  +++.......               L - amulet of guardian spirit
                                y - ring of poison resistance
                                C - ring of positive energy

@: tree-form, resistant
A: (talons 0)
a: Heroism, Finesse, Renounce Religion


You were on level 11 of the Dungeon.
You worshipped Okawaru.
Okawaru was exalted by your worship.
You were full.
You were a tree.
You visited 2 branches of the dungeon, and saw 13 of its levels.
You visited the Abyss 1 time.

You collected 847 gold pieces.
You spent 462 gold pieces at shops.

Inventory:

Hand Weapons
 a - the +6 long sword of Conformity {flame, rF+}
   (You found it on level 10 of the Dungeon)

   It has been specially enchanted to burn those struck by it, causing extra
   injury to most foes and up to half again as much damage against particularly
   susceptible opponents.
   Big, fiery blades are also staple armaments of hydra-hunters.
   It protects you from fire.
 h - a +3 mace
 i - the +8 long sword of Accidental Termination (weapon) {slice, rF+++ rC- Str+5}
   (Okawaru gifted it to you on level 12 of the Dungeon)

   It inflicts extra damage upon your enemies.
   It affects your strength (+5).
   It renders you almost immune to fire.
   It makes you vulnerable to cold.
 v - a +0 vampiric trident
 K - a +2 falchion of pain
 V - the +7 falchion "Qass" {distort, rF+ Str+5 Dex+4, unknown}
   (Okawaru gifted it to you on level 11 of the Dungeon)

   It warps and distorts space around it.
   Unwielding it can cause banishment or high damage.
   It affects your strength (+5).
   It affects your dexterity (+4).
   It protects you from fire.
Missiles
 Q - 4 steel javelins (quivered)
Armour
 n - a +0 cloak (melded)
 z - a +2 pair of boots (melded)
 B - a +0 helmet (melded)
 W - the +4 moon troll leather armour (melded) {Spirit, Regen++ MP+5}
   (You found it on level 6 of the Dungeon)

   It affects your magic capacity (+5).
   It increases your rate of regeneration.
 X - a +1 robe of magic resistance
Magical Staves
 Y - an uncursed staff of death
Jewellery
 y - a ring of poison resistance (right branch)
 C - a ring of positive energy (left branch)
 L - an amulet of guardian spirit (around neck)
Wands
 q - a wand of slowing (18/48)
 S - a wand of random effects (14/48)
 T - a wand of lightning (4/15)
 Z - a wand of iceblast (8/15)
Scrolls
 c - a scroll of noise {unknown}
 e - a scroll of enchant weapon {unknown}
 l - a scroll of recharging {unknown}
 o - 3 scrolls of enchant armour
 p - 7 scrolls of remove curse
 r - a scroll of fear
 u - 3 scrolls of random uselessness {unknown}
 x - a scroll of summoning {unknown}
 D - 5 scrolls of immolation
 E - a scroll of blinking
 F - a scroll of identify
 H - 4 scrolls of amnesia
 I - 6 scrolls of magic mapping
 M - 4 scrolls of teleportation
Potions
 b - 2 potions of lignification
 d - a potion of ambrosia {unknown}
 f - 2 potions of brilliance
 g - 3 potions of flight
 j - a potion of mutation {unknown}
 m - 3 potions of resistance
 w - a potion of cancellation {unknown}
 N - a potion of haste {unknown}
 P - 3 potions of curing
 R - a potion of cure mutation {unknown}
 U - a potion of agility
Books
 k - a book of Minor Magic

   Spells                             Type                      Level
   a - Magic Dart                     Conjuration                  1
   b - Blink                          Translocation                2
   c - Call Imp                       Summoning                    2
   d - Repel Missiles                 Charms/Air                   2
   e - Slow                           Hexes                        2
   f - Conjure Flame                  Conjuration/Fire             3
   g - Mephitic Cloud                 Conjuration/Poison/Air       3
 A - a book of Enchantments

   Spells                             Type                      Level
   a - Cause Fear                     Hexes                        4
   b - Yara's Violent Unravelling     Hexes/Transmutation          5
   c - Silence                        Hexes/Air                    5
   d - Deflect Missiles               Charms/Air                   6
   e - Discord                        Hexes                        8
 J - a book of Necromancy

   Spells                             Type                      Level
   a - Pain                           Necromancy                   1
   b - Animate Skeleton               Necromancy                   1
   c - Vampiric Draining              Necromancy                   3
   d - Regeneration                   Charms/Necromancy            3
   e - Animate Dead                   Necromancy                   4
   f - Control Undead                 Necromancy                   4
Comestibles
 s - 4 fruits
 t - a meat ration
 G - 2 beef jerkies
 O - 4 bread rations


   Skills:
 + Level 7.3 Fighting
   Level 3.5(8.2) Short Blades
 + Level 11.3(11.6) Long Blades
   Level 2.9(3.9) Axes
 + Level 1.4(2.5) Maces & Flails
 + Level 3.6(4.2) Polearms
 + Level 1.0(2.7) Staves
   Level 1.0 Bows
 + Level 3.0 Throwing
 + Level 5.5 Armour
 + Level 7.4 Dodging
 + Level 5.2 Stealth
   Level 1.0 Shields
 + Level 2.5 Evocations


You had 9 spell levels left.
You knew the following spells:

 Your Spells              Type           Power        Failure   Level  Hunger
a - Pain                  Necr           #...         28%         1    ##.....
b - Animate Skeleton      Necr           N/A          28%         1    ##.....


Dungeon Overview and Level Annotations

Branches:
Dungeon (12/15)            Temple (1/1) D:6
   Lair: D:8-11         Orc: D:9-12

Altars:
Ashenzari
Cheibriados
Dithmenos
Elyvilon
Fedhas
Gozag
Hepliaklqana
Kikubaaqudgha
Makhleb
Nemelex Xobeh
Okawaru
Qazlal
Ru
Sif Muna
Trog
Uskayaw
Vehumet
Xom
Yredelemnul
Zin
The Shining One

Shops:
D:4 **![:


Innate Abilities, Weirdness & Mutations

((You have sharp toenails.))


Message History

You slash the kobold demonologist!
The kobold demonologist is severely wounded.
Something hits you but does no damage.
The kobold demonologist hits you but does no damage.
You closely miss something. Something hits you but does no damage.
The kobold demonologist hits you but does no damage.
You slash the kobold demonologist!
You kill the kobold demonologist!
Okawaru accepts your kill.
The shadow imp disappears in a puff of smoke!
Something hits you but does no damage.
You slash the wyvern zombie!
The wyvern zombie is moderately damaged.
Something hits you!
* * * LOW HITPOINT WARNING * * *
The wyvern zombie bites you but does no damage.
You slash the wyvern zombie!
The wyvern zombie is heavily damaged.
Something hits you.
You die...

K.##........).<.##...
#...............##...
#......###......##...
#......# #...##.##...
#.4....# #...##.##...
#...K..# #...##.##...
#......###...##.# ...
######)5.#...##.#
#..♣#§..#... #.#
#._)Z.8.....##.#
#...#§.....<##..
#####...#...#
..###...# ..# ..# ...
.# .... ..


You could see a wyvern zombie.

Vanquished Creatures
  An unseen horror (D:12)
  2 hill giants
  A mana viper (Abyss:2)
  A cyclops (D:12)
  A deep elf mage (D:11)
  A gargoyle (D:11)
  Psyche (D:12)
  2 rime drakes (D:12)
  3 kobold demonologists (D:11)
  A hornet (D:8)
  4 polar bears (D:12)
  A hippogriff (D:11)
  2 wyverns (D:8)
  2 wraiths
  2 hungry ghosts
  3 soldier ants
  Duvessa (D:7)
  A hell hound (D:11)
  An orc warrior (D:12)
  2 sky beasts
  2 phantoms
  An eye of draining (D:8)
  7 ice beasts
  A centaur (D:7)
  6 ogres
  A wolf (D:12)
  A small abomination (Abyss:2)
  4 big kobolds
  Blork the orc (D:5)
  Dowan (D:7)
  5 bullfrogs
  4 scorpions
  4 wights (D:12)
  An electric eel (D:12)
  5 crimson imps
  A water moccasin simulacrum (D:12)
  A jelly (D:8)
  6 hounds
  6 orc wizards
  2 quasits
  An orc priest (D:12)
  4 centaur skeletons
  2 bullfrog skeletons
  4 iguanas
  6 worker ants
  3 bullfrog simulacra (D:12)
  A hound zombie (D:6)
  A worker ant zombie (D:10)
  8 gnolls
  11 adders
  A river rat (D:6)
  4 shadow imps
  5 white imps (D:12)
  2 ufetubi (D:12)
  2 oozes
  An adder skeleton (D:7)
  An adder zombie (D:5)
  4 worms
  13 dart slugs
  6 leopard geckos
  21 orcs
  7 bats
  4 giant cockroaches
  22 goblins
  7 hobgoblins
  11 jackals
  15 kobolds
  6 quokkas
  7 frilled lizards
  A leopard gecko skeleton (D:5)
  A quokka skeleton (D:4)
  9 rats
284 creatures vanquished.

Vanquished Creatures (others)
  A kobold (D:12)
1 creature vanquished.

Grand Total: 285 creatures vanquished

Notes
Turn   | Place    | Note
-------+----------+-------------------------------------------
     0 | D:1      | TheTruth the Human Wanderer began the quest for the Orb.
     0 | D:1      | TheTruth set off with: a +2 spear, a potion of lignification, a +0 ring mail, a +0 dagger, a bread ration
     0 | D:1      | Reached XP level 1. HP: 16/16 MP: 1/1
   382 | D:1      | Reached XP level 2. HP: 17/22 MP: 2/2
   575 | D:1      | Reached XP level 3. HP: 26/28 MP: 3/3
   810 | D:1      | You fall through a shaft!
  1594 | D:2      | Reached XP level 4. HP: 34/34 MP: 4/4
  2034 | D:2      | Reached skill level 1 in Dodging
  3197 | D:2      | Reached XP level 5. HP: 33/39 MP: 5/5
  3274 | D:3      | Reached skill level 1 in Maces & Flails
  3374 | D:4      | Found Womusargh's Antique Armour Emporium.
  3410 | D:4      | Found Kuisag's General Store.
  3769 | D:3      | Found an iron altar of Okawaru.
  3906 | D:3      | Became a worshipper of Warmaster Okawaru
  4101 | D:5      | Entered Level 5 of the Dungeon
  4133 | D:5      | Reached skill level 1 in Axes
  4133 | D:5      | Reached XP level 6. HP: 39/46 MP: 6/6
  4202 | D:5      | Noticed Blork the orc
  4389 | D:4      | Found Voicodd's Book Boutique.
  4501 | D:4      | Found Mudopseps's General Store.
  5162 | D:4      | Found Viomaev's Distillery.
  5168 | D:4      | Bought a potion of curing for 42 gold pieces
  5387 | D:5      | Reached skill level 1 in Long Blades
  5835 | D:5      | Reached XP level 7. HP: 45/51 MP: 5/7
  5870 | D:5      | Found a bloodstained altar of Trog.
  5970 | D:5      | Killed Blork the orc
  5970 | D:5      | Reached * piety under Okawaru
  5970 | D:5      | Reached skill level 2 in Long Blades
  6415 | D:6      | Reached skill level 1 in Short Blades
  6508 | D:6      | Found a staircase to the Ecumenical Temple.
  6546 | Temple   | Entered the Ecumenical Temple
  6935 | D:6      | Reached skill level 3 in Long Blades
  6983 | D:6      | Reached XP level 8. HP: 45/58 MP: 8/8
  7729 | D:7      | Reached ** piety under Okawaru
  7759 | D:7      | Gained mutation: You have sharp toenails. [mutagenic meat]
  7973 | D:7      | Reached skill level 4 in Long Blades
  8270 | D:7      | Noticed Duvessa
  8271 | D:7      | Noticed Dowan
  8299 | D:7      | Killed Duvessa
  8299 | D:7      | Reached XP level 9. HP: 65/65 MP: 9/9
  8326 | D:7      | Killed Dowan
  8326 | D:7      | Reached skill level 5 in Long Blades
  8584 | D:7      | Reached skill level 1 in Throwing
  8950 | D:8      | Found a shadowy altar of Dithmenos.
  9110 | D:8      | Noticed a seven-headed hydra
  9114 | D:8      | Reached *** piety under Okawaru
  9245 | D:8      | Reached skill level 6 in Long Blades
  9268 | D:8      | Noticed a two-headed ogre
  9490 | D:8      | Noticed a hornet
  9512 | D:8      | Reached XP level 10. HP: 66/73 MP: 10/10
  9525 | D:8      | Paralysed by a hornet for 1 turns
  9534 | D:8      | Reached **** piety under Okawaru
  9534 | D:8      | Reached skill level 5 in Fighting
  9534 | D:8      | Reached skill level 7 in Long Blades
  9534 | D:8      | Reached skill level 5 in Dodging
  9658 | D:4      | Bought a book of Necromancy for 420 gold pieces
  9660 | D:4      | Learned a level 1 spell: Pain
  9734 | D:6      | Learned a level 1 spell: Animate Skeleton
  9935 | D:10     | Entered Level 10 of the Dungeon
 10153 | D:9      | Reached skill level 8 in Long Blades
 10201 | D:10     | Noticed a hill giant
 10212 | D:10     | Got a warped long sword
 10213 | D:10     | Identified the +6 long sword of Conformity {flame, rF+} (You found it on level 10 of the Dungeon)
 10253 | D:10     | Killed a hill giant
 10253 | D:10     | Reached ***** piety under Okawaru
 10253 | D:10     | Reached skill level 1 in Staves
 10609 | D:11     | Reached skill level 5 in Armour
 10612 | D:11     | Reached skill level 5 in Stealth
 10692 | D:11     | Noticed a gargoyle
 10707 | D:11     | Killed a gargoyle
 10872 | D:12     | Noticed Psyche
 10882 | D:12     | Cast into level 2 of the Abyss (Psyche)
 10953 | Abyss:2  | Noticed a mana viper
 10958 | Abyss:2  | Killed a mana viper
 10958 | Abyss:2  | Reached skill level 9 in Long Blades
 10961 | Abyss:2  | Reached XP level 11. HP: 81/81 MP: 11/11
 10981 | D:12     | Escaped the Abyss
 11002 | D:12     | Killed Psyche
 11175 | D:12     | Noticed a cyclops
 11247 | D:12     | Killed an unseen horror
 11247 | D:12     | Reached skill level 10 in Long Blades
 11283 | D:12     | Received a gift from Okawaru
 11291 | D:12     | Killed a cyclops
 11291 | D:12     | Reached ****** piety under Okawaru
 11395 | D:12     | Got a pitted long sword {god gift}
 11418 | D:12     | Identified the +8 long sword of Accidental Termination {slice, rF+++ rC- Str+5} (Okawaru gifted it to you on level 12 of the Dungeon)
 11674 | D:12     | Noticed a hill giant
 11683 | D:12     | Killed a hill giant
 11855 | D:12     | Reached skill level 11 in Long Blades
 11883 | D:11     | Found a hazy altar of Hepliaklqana.
 11884 | D:11     | Noticed a deep elf mage
 11905 | D:11     | Killed a deep elf mage
 11920 | D:11     | Noticed a soul eater
 11927 | D:11     | Reached XP level 12. HP: 65/91 MP: 5/13
 11933 | D:11     | Received a gift from Okawaru
 11934 | D:11     | Got a jewelled falchion {god gift}
 11975 | D:11     | HP: 2/136 [something (6)]
 11976 | D:11     | Slain by an unseen horror

Skill      XL: |  1  2  3  4  5  6  7  8  9 10 11 |
---------------+----------------------------------+-----
Polearms       | 3 |  3.6
Dodging        | 1 2 3 4 5 7 |  7.4
Armour         | 2 3 4 5 |  5.5
Maces & Flails | 1 |  1.4
Axes           | 1 2 |  2.9
Long Blades    | 1 3 4 6 9 11 | 11.3
Fighting       | 3 4 5 7 |  7.3
Short Blades   | 1 2 3 |  3.5
Stealth        | 3 4 5 |  5.2
Throwing       | 2 3 |  3.0
Staves         | 1 |  1.0
Evocations     | 2 |  2.5
Bows           | |  1.0
Shields        | |  1.0

Action                   |  1- 3 |  4- 6 |  7- 9 | 10-12 || total
-------------------------+-------+-------+-------+-------++-------
Melee: Spear             |   111 |     6 |    26 |       ||   143
       Mace              |       |    97 |       |       ||    97
       Dagger            |       |    34 |   110 |    22 ||   166
       War axe           |       |   105 |    33 |       ||   138
       Long sword        |       |    62 |   199 |   352 ||   613
       Staff             |       |       |       |    15 ||    15
       Great sword       |       |       |       |     7 ||     7
       Punch             |       |       |       |     1 ||     1
Throw: Javelin           |       |       |    13 |     7 ||    20
Invok: Heroism           |       |       |       |     2 ||     2
Evoke: Wand              |       |       |     1 |    16 ||    17
  Use: Scroll            |     1 |     7 |     8 |     2 ||    18
       Potion            |       |       |       |     6 ||     6
 Stab: Sleeping          |     1 |       |     5 |     6 ||    12
       Distracted        |       |     1 |       |     1 ||     2
  Eat: Chunk             |     2 |       |     1 |     1 ||     4
       Fruit             |       |     3 |     1 |       ||     4
       Meat ration       |       |     1 |     4 |     1 ||     6
       Pizza             |       |     1 |     2 |     2 ||     5
       Bread ration      |       |     1 |       |     2 ||     3
       Beef jerky        |       |       |     1 |     1 ||     2
       Royal jelly       |       |       |     1 |       ||     1
Armor: Ring mail         |    52 |   184 |     6 |       ||   242
       Troll leather arm |       |       |   124 |   170 ||   294
       Skin              |       |       |       |   112 ||   112
Dodge: Dodged            |    45 |   197 |   232 |   312 ||   786
       Rpst.: Long sword |       |    16 |    34 |    55 ||   105
       Great sword       |       |       |       |     2 ||     2
